 Dungeon Crawl Stone Soup version 0.18-a0-1035-g72c9994 (webtiles) character file.

24693 4thArraOfDagon the Severer (level 13, -5/122 HPs)
             Began as a Hill Orc Berserker on Jan 9, 2016.
             Was an Elder of Trog.
             Slain by a cyan ugly thing (17 damage)
             ... on level 14 of the Dungeon.
             The game lasted 00:24:23 (4841 turns).

4thArraOfDagon the Severer (Hill Orc Berserker)     Turns: 4841, Time: 00:24:23

Health: -5/122     AC: 18    Str: 27      XL:     13   Next: 14%
Magic:  13/13      EV: 10    Int: 10 (11) God:    Trog [****..]
Gold:   270        SH:  0    Dex: 10      Spells: 0 memorised, 12 levels left

rFire  . . .     SeeInvis .     q - +1 broad axe (freeze)
rCold  . . .     Gourm    .     y - +1 scale mail of Sin {rPois Str+6}
rNeg   . . .     Faith    .     (no shield)
rPois  +         Spirit   .     z - +2 helmet
rElec  .         Dismiss  .     r - +0 cloak
rCorr  .         Reflect  .     F - +0 pair of gloves
SustAt .         Harm     .     b - +0 pair of boots
MR     ++...                    D - amulet of rage
Stlth  ..........               (no ring)
                                (no ring)

@: exhausted, regenerating, slowed, very slow, very resistant to hostile
enchantments, extremely unstealthy
A: talons 1, blurry vision 1, deterioration 1, regeneration 1
a: Berserk, Trog's Hand, Brothers in Arms, Burn Spellbooks, Renounce Religion,
Evoke Berserk Rage


You were on level 14 of the Dungeon.
You worshipped Trog.
Trog was greatly pleased with you.
You were very hungry.

You visited 2 branches of the dungeon, and saw 17 of its levels.

You collected 847 gold pieces.
You spent 577 gold pieces at shops.

Inventory:

Hand Weapons
 n - a +2 war axe of chopping
 q - a +1 broad axe of freezing (weapon)
Missiles
 x - 5 javelins of returning (quivered)
Armour
 b - a +0 pair of boots (worn)
 o - a troll hide
 r - a +0 cloak (worn)
 w - a +0 plate armour
 y - the +1 scale mail of Sin (worn) {rPois Str+6}
   (You bought it in a shop on level 2 of the Orcish Mines)

   It affects your strength (+6).
   It protects you from poison.
 z - a +2 helmet (worn)
 F - a +0 pair of gloves (worn)
Jewellery
 D - an amulet of rage (around neck)
Wands
 g - a wand of cold (2/15)
 l - a wand of invisibility (2/9)
 L - a wand of draining (12/15)
 M - a wand of random effects (17/48)
Scrolls
 d - a scroll of enchant weapon {unknown}
 f - 2 scrolls of blinking
 j - 2 scrolls of remove curse
 m - a scroll of torment {unknown}
 s - a scroll of random uselessness {unknown}
 u - 2 scrolls of teleportation {unknown}
 v - 5 scrolls of magic mapping
 A - 3 scrolls of identify
 C - a scroll of recharging
 G - a scroll of summoning {unknown}
 J - 2 scrolls of amnesia {unknown}
Potions
 a - 2 potions of flight
 e - 3 potions of might
 h - a potion of agility
 k - 2 potions of magic
 p - a potion of cure mutation
 t - 3 potions of brilliance
 B - 3 potions of curing
 H - 2 potions of heal wounds
Books
 E - the Reference Book on Conjuration
   (You found it on level 11 of the Dungeon)

   Spells                             Type                      Level
   a - Throw Frost                    Conjuration/Ice              2
   b - Searing Ray                    Conjuration                  2
   c - Force Lance                    Conjuration/Translocation    4
   d - Orb of Destruction             Conjuration                  7
   Trog disapproves of the use of such an item.
Comestibles
 c - 5 bread rations
 i - 2 meat rations
 K - a slice of pizza


   Skills:
 + Level 13.3 Fighting
 * Level 18.8 Axes
 + Level 11.9 Armour
 - Level 1.5 Dodging


You had 12 spell levels left.
You didn't know any spells.

Dungeon Overview and Level Annotations

Branches:
Dungeon (15/15)               Orc (2/2) D:10            Elf (0/3) Orc:2
 Temple: D:4-7         Lair: D:8-11      Vaults: D:13-14     Depths: D:15

Altars:
Dithmenos
Kikubaaqudgha
Pakellas
Vehumet
Xom
Beogh

Shops:
D:8 :   Orc:2 [?(}

Annotations:
D:8 st0uf's ghost, novice OgBe
Orc:1 Fannar


Innate Abilities, Weirdness & Mutations

You have sharp toenails.
Scrolls take you a little longer to read.
Your body sometimes deteriorates upon taking damage.
Your natural rate of healing is unusually fast.


Message History

The red ugly thing stings you!
* * * LOW HITPOINT WARNING * * *
You are engulfed in flames!!
* * * LOW HITPOINT WARNING * * *
You closely miss the cyan ugly thing.
The cyan ugly thing is heavily wounded.
You slice the red ugly thing!! You freeze the red ugly thing.
You kill the red ugly thing!
Trog accepts your kill.
You are no longer berserk.
You are exhausted.
You feel yourself slow down.
You are feeling very hungry.
Unknown command.
You slice the cyan ugly thing!! You freeze the cyan ugly thing!
The cyan ugly thing is almost dead.
The cyan ugly thing tentacle-slaps you.
* * * LOW HITPOINT WARNING * * *
The cyan ugly thing shocks you!
You die...

#.####..## ##(#
#[..# #..###..##
#..##...#
#.......###
##........###
#####(....:......
.......†..†.#####
........†@u.#
............#
..######.....#
####>...# ###..#
#.. .


You could see a cyan ugly thing.

Vanquished Creatures
  A hydra (D:12)
  Erolcha (Orc:2)
  2 centaur warriors (D:13)
  3 ogre magi (Orc:2)
  A tengu warrior (D:13)
  Nergalle (Orc:2)
  An unseen horror (D:13)
  2 hill giants (D:13)
  A wizard (D:13)
  A wolf spider zombie (D:12)
  A cyclops (Orc:2)
  5 orc sorcerers (Orc:2)
  6 ugly things
  3 deep elf magi
  Maurice (Orc:2)
  2 manticores (D:13)
  A gargoyle (D:12)
  A centaur skeleton (D:12)
  3 trolls
  A hornet zombie (D:14)
  A two-headed ogre (D:13)
  5 yaks (D:12)
  A wraith (D:11)
  A basilisk (D:13)
  A steam dragon (D:9)
  2 hippogriffs
  2 hungry ghosts
  2 mottled dragons
  4 vampire mosquitoes
  A warg (Orc:2)
  2 soldier ants
  Duvessa (D:5)
  8 orc warriors
  3 ice beasts
  A sky beast (D:13)
  5 ogres
  A black bear (D:13)
  An eye of draining (D:12)
  8 centaurs
  A big kobold (D:8)
  8 giant frogs
  Dowan (D:5)
  4 scorpions
  A wyvern skeleton (D:13)
  3 killer bees (D:9)
  5 wights
  A crimson imp (D:11)
  4 hounds
  5 jellies
  2 quasits
  2 giant frog zombies
  6 orc priests
  3 giant frog skeletons
  25 orc wizards
  2 iguanas
  4 worker ants
  3 sheep (Orc:2)
  A hound skeleton (D:9)
  8 adders
  2 shadow imps
  4 giant geckos
  42 orcs
  4 goblins
  2 hobgoblins (D:3)
  7 jackals
  5 kobolds
  A quokka (D:8)
  A ball python (D:3)
  4 bats
  A giant gecko skeleton (D:6)
  2 giant newts (D:3)
  A quokka skeleton (D:9)
  A quokka zombie (D:5)
  4 rats (D:3)
258 creatures vanquished.

Notes
Turn   | Place    | Note
--------------------------------------------------------------
     0 | D:1      | 4thArraOfDagon the Hill Orc Berserker began the quest for the Orb.
     0 | D:1      | Reached XP level 1. HP: 19/19 MP: 1/1
   230 | D:3      | Reached XP level 2. HP: 15/26 MP: 2/2
   259 | D:3      | Reached XP level 3. HP: 31/33 MP: 3/3
   303 | D:3      | Reached skill level 5 in Axes
   464 | D:3      | Reached ** piety under Trog
   499 | D:3      | You fall through a shaft!
   533 | D:4      | Reached XP level 4. HP: 40/40 MP: 4/4
   571 | D:5      | Entered Level 5 of the Dungeon
   571 | D:5      | Noticed Duvessa
   572 | D:5      | Noticed Dowan
   580 | D:5      | Killed Duvessa
   580 | D:5      | Reached skill level 6 in Axes
   580 | D:5      | Reached XP level 5. HP: 47/47 MP: 5/5
   583 | D:5      | Killed Dowan
   655 | D:5      | Reached XP level 6. HP: 47/55 MP: 6/6
   657 | D:5      | Reached skill level 5 in Fighting
   734 | D:6      | Reached skill level 7 in Axes
   888 | D:6      | Reached XP level 7. HP: 61/61 MP: 7/7
  1009 | D:6      | Reached skill level 8 in Axes
  1118 | D:8      | Found Genar's Book Emporium.
  1118 | D:8      | Noticed st0uf's ghost (novice OgBe)
  1174 | D:7      | Reached skill level 5 in Armour
  1202 | D:7      | Reached skill level 9 in Axes
  1202 | D:7      | Reached XP level 8. HP: 70/70 MP: 8/8
  1304 | D:8      | Noticed a troll
  1329 | D:8      | Killed a troll
  1329 | D:8      | Reached skill level 10 in Axes
  1486 | D:9      | Reached XP level 9. HP: 64/79 MP: 9/9
  1489 | D:9      | Reached skill level 11 in Axes
  1539 | D:9      | Reached *** piety under Trog
  1644 | D:10     | Entered Level 10 of the Dungeon
  1672 | D:10     | Found a staircase to the Orcish Mines.
  1676 | D:10     | HP: 4/81 [orc warrior/flail (7)]
  1730 | D:9      | Found a shadowy altar of Dithmenos.
  1897 | D:9      | Reached skill level 12 in Axes
  2071 | Orc:1    | Entered Level 1 of the Orcish Mines
  2176 | Orc:2    | Entered Level 2 of the Orcish Mines
  2221 | Orc:2    | Found a staircase to the Elven Halls.
  2268 | Orc:1    | Noticed Fannar
  2281 | Orc:2    | Noticed a cyclops
  2294 | Orc:2    | Reached XP level 10. HP: 55/91 MP: 10/10
  2318 | Orc:2    | HP: 5/136 [cyclops (16)]
  2320 | Orc:2    | Killed a cyclops
  2320 | Orc:2    | Reached skill level 13 in Axes
  2383 | Orc:1    | Found a shimmering altar of Xom.
  2384 | Orc:1    | Noticed an orc warlord
  2412 | Orc:2    | smite city
  2544 | Orc:2    | Noticed an orc sorcerer
  2564 | Orc:2    | Paralysed by an orc sorcerer for 5 turns
  2570 | Orc:2    | Killed an orc sorcerer
  2608 | Orc:2    | Found Ostropnu's Magic Scroll Shop.
  2611 | Orc:2    | Noticed Maurice
  2611 | Orc:2    | Noticed an orc sorcerer
  2636 | Orc:2    | Noticed a sixfirhy
  2636 | Orc:2    | Killed an orc sorcerer
  2646 | Orc:2    | Killed Maurice
  2646 | Orc:2    | Reached skill level 14 in Axes
  2725 | Orc:2    | Bought a scroll of magic mapping for 56 gold pieces
  2737 | Orc:2    | Found Tuenurie's Gadget Boutique.
  2744 | Orc:2    | Noticed an orc sorcerer
  2753 | Orc:2    | Killed an orc sorcerer
  2753 | Orc:2    | Reached skill level 10 in Fighting
  2772 | Orc:2    | Found an ancient bone altar of Kikubaaqudgha.
  2773 | Orc:2    | Noticed Nergalle
  2808 | Orc:2    | Killed Nergalle
  2860 | Orc:2    | Noticed an orc sorcerer
  2875 | Orc:2    | Killed an orc sorcerer
  2875 | Orc:2    | Reached XP level 11. HP: 76/101 MP: 11/11
  2886 | Orc:2    | Noticed an orc sorcerer
  2898 | Orc:2    | Killed an orc sorcerer
  2898 | Orc:2    | Reached skill level 15 in Axes
  2931 | Orc:2    | Noticed an ogre mage
  2931 | Orc:2    | Found a roughly hewn altar of Beogh.
  2931 | Orc:2    | Found Tuiqo's Antique Weapon Shop.
  2932 | Orc:2    | Noticed an ogre mage
  2953 | Orc:2    | Reached **** piety under Trog
  2982 | Orc:2    | Noticed Erolcha
  2984 | Orc:2    | Found a radiant altar of Vehumet.
  3003 | Orc:2    | Noticed an ogre mage
  3019 | Orc:2    | Killed Erolcha
  3071 | Orc:2    | Killed an ogre mage
  3073 | Orc:2    | Killed an ogre mage
  3073 | Orc:2    | Received a gift from Trog
  3097 | Orc:2    | Killed an ogre mage
  3097 | Orc:2    | Reached skill level 10 in Armour
  3102 | Orc:2    | Found Royppeh's Antique Armour Boutique.
  3140 | Orc:2    | Bought a heavily runed scale mail for 225 gold pieces
  3140 | Orc:2    | Bought a runed helmet for 112 gold pieces
  3155 | Orc:2    | Identified the +1 scale mail of Sin {rPois Str+6} (You bought it in a shop on level 2 of the Orcish Mines)
  3155 | Orc:2    | o
  3186 | Orc:2    | Bought a scroll of identify for 32 gold pieces
  3186 | Orc:2    | Bought a scroll of identify for 32 gold pieces
  3186 | Orc:2    | Bought a scroll of blinking for 120 gold pieces
  3327 | D:10     | Reached skill level 16 in Axes
  3374 | D:10     | Noticed a hill giant
  3432 | D:12     | Noticed a four-headed hydra
  3649 | D:11     | Noticed a cyan ugly thing
  3660 | D:11     | Killed a cyan ugly thing
  3668 | D:11     | Gained mutation: Scrolls take you a little longer to read. [mutagenic meat]
  3669 | D:11     | Gained mutation: Your body sometimes deteriorates upon taking damage. [mutagenic meat]
  3670 | D:11     | Gained mutation: Your natural rate of healing is unusually fast. [mutagenic meat]
  3671 | D:11     | Gained mutation: You have sharp toenails. [mutagenic meat]
  3747 | D:11     | Identified the Reference Book on Conjuration
  3979 | D:12     | Reached XP level 12. HP: 67/112 MP: 12/12
  4007 | D:12     | Noticed a four-headed hydra
  4085 | D:12     | Killed a ten-headed hydra
  4127 | D:12     | Reached skill level 17 in Axes
  4220 | D:14     | Noticed a soul eater
  4241 | D:13     | Noticed a centaur warrior
  4258 | D:13     | Killed a centaur warrior
  4431 | D:13     | Noticed a centaur warrior
  4440 | D:13     | Killed a centaur warrior
  4446 | D:13     | Reached skill level 18 in Axes
  4482 | D:13     | Noticed a tengu warrior
  4497 | D:13     | Killed a tengu warrior
  4707 | D:13     | Reached ***** piety under Trog
  4753 | D:15     | Entered Level 15 of the Dungeon
  4753 | D:15     | Noticed a death knight
  4784 | D:14     | Reached XP level 13. HP: 86/122 MP: 13/13
  4785 | D:14     | Found an oddly glowing altar of Pakellas.
  4841 | D:14     | Slain by a cyan ugly thing

Vault maps used:
D:1:      dpeg_arrival_another_circle, minmay_cut_off
D:2:      first_bread
D:3:      minmay_joined_circles
D:4:      grunt_qazlal_clouds
D:5:      uniq_duvessa, uniq_blork_the_orc
D:7:      grunt_temple_overflow_open
D:8:      serial_shops, nicolae_shop_crystal, shop, hangedman_ranch
D:9:      grunt_dithmenos_smoke
D:10:     lair_0_dummy, david_orc_2, serial_shops, shop, minmay_hedge_maze
D:11:     grunt_ministairs_6, uniq_nergalle
D:13:     minmay_four_partial_circles, lightli_elemental_guards
D:14:     lightli_vaults_fourway_checkpoint, basic_altar, serial_bayou_shore_b,
          minmay_st_funbox, uniq_agnes
D:15:     grunt_enter_depths_giant_problem, basic_altar,
          grunt_decor_mini_mirrors, uniq_urug, uniq_rupert
Orc:1:    basic_altar, guppyfry_library_mini, uniq_fannar
Orc:2:    kennysheep_orc_mage_school, uniq_maurice

Action                   |  1- 3 |  4- 6 |  7- 9 | 10-12 | 13-15 || total
-------------------------+-------+-------+-------+-------+-------++-------
Melee: Hand axe          |    54 |       |       |       |       ||    54
       War axe           |     7 |    58 |   207 |       |       ||   272
       Broad axe         |       |       |    38 |   382 |    23 ||   443
Throw: Javelin           |       |       |       |     1 |       ||     1
Invok: Berserk           |     2 |     4 |     7 |    16 |     1 ||    30
       Trog's Hand       |       |     1 |     8 |    20 |     1 ||    30
Evoke: Wand              |       |       |     1 |       |       ||     1
  Use: Scroll            |     1 |     6 |     4 |     2 |       ||    13
       Potion            |       |       |     1 |     1 |       ||     2
  Eat: Chunk             |     1 |     4 |    13 |    25 |       ||    43
       Beef jerky        |       |       |     3 |       |       ||     3
       Pizza             |       |       |     1 |       |       ||     1
       Meat ration       |       |       |       |     1 |       ||     1
       Bread ration      |       |       |       |     1 |       ||     1
